 Dungeon Crawl Stone Soup version 0.27.1-33-g824d729ab1 (webtiles) character file.

Game seed: 7924811082366080903

58 erik8world the Skirmisher (level 4, 0/40 HPs)
             Began as a Hill Orc Fighter on Dec 20, 2021.
             Succumbed to a scorpion's poison
             ... on level 3 of the Dungeon.
             The game lasted 00:06:09 (2045 turns).

erik8world the Skirmisher (Hill Orc Fighter)        Turns: 2045, Time: 00:06:09

Health: 0/40       AC: 10    Str: 19    XL:     4   Next: 2%
Magic:  4/4        EV:  7    Int:  8    God:
Gold:   84         SH:  9    Dex: 10    Spells: 3/3 levels left

rFire    . . .     SeeInvis .   a - +0 war axe
rCold    . . .     Faith    +   c - +0 kite shield
rNeg     . . .     Spirit   .   b - +1 scale mail
rPois    .         Reflect  .   e - +0 helmet
rElec    .         Harm     .   m - +0 cloak
rCorr    .         Rampage  .   (no gloves)
Will     .....                  (no boots)
Stlth    ..........             k - amulet of faith
HPRegen  0.13/turn              (no ring)
MPRegen  0.09/turn              (no ring)

@: lethally poisoned (0 -> -4)
A: no striking features
a: no special abilities


You were on level 3 of the Dungeon.
You visited 1 branch of the dungeon, and saw 3 of its levels.

You collected 84 gold pieces.

Inventory:

Hand Weapons
 a - a +0 war axe (weapon)
Missiles
 h - 6 boomerangs (quivered)
Armour
 b - a +1 scale mail (worn)
 c - a +0 kite shield (worn)
 e - a +0 helmet (worn)
 m - a +0 cloak (worn)
Jewellery
 i - an amulet of magic regeneration
 k - an amulet of faith (around neck)
 l - a +6 ring of intelligence
Potions
 d - a potion of might


   Skills:
 * Level 4.1 Fighting
 * Level 3.9 Axes
 + Level 0.2 Throwing
 * Level 3.7 Armour
 * Level 3.9 Shields


You had 3 spell levels left.
You didn't know any spells.
Your spell library contained the following spells:

 Spells                   Type           Power      Damage    Failure   Level
 Pain                     Necr           0%         1d4       99%         1
 Agony                    Necr           0%         N/A       100%        5
 Excruciating Wounds      Necr           0%         N/A       100%        5


Dungeon Overview and Level Annotations

Branches:
Dungeon (3/15)

Altars:


Message History

A magic dart appears from out of thin air!
The magic dart hits you but does no damage.
The scorpion stings you. Something hits you.
You closely miss the scorpion.
The scorpion is severely wounded.
You barely miss something. The scorpion stings you.
You are poisoned.
The scorpion poisons you! Something hits you but does no damage.
You block the scorpion's attack.
You closely miss the scorpion.
The scorpion is severely wounded.
You hit something.
You feel very sick. Something hits you but does no damage.
The scorpion stings you but does no damage.
Something hits you but does no damage.
You closely miss the scorpion.
The scorpion is severely wounded.
You barely miss something.
You feel very sick. The scorpion completely misses you.
The orc priest calls down the wrath of Beogh upon you.
Beogh smites you!
* * * LOW HITPOINT WARNING * * *
The scorpion stings you but does no damage.
Something hits you but does no damage.
As you read the scroll labelled YFFADD UCUNOR, it crumbles to dust.
The scroll dissolves into smoke.
It was a scroll of fog.
You feel sick. The scorpion stings you.
* * * LOW HITPOINT WARNING * * *
Something hits you but does no damage.
As you read the scroll labelled UGGOS XA RETHE, it crumbles to dust.
It is a scroll of identify.
j - a scroll of enchant armour
* * * LOW HITPOINT WARNING * * *
You feel sick. The scorpion barely misses you.
Something hits you but does no damage. You block the scorpion's attack.
As you read the scroll of enchant armour, it crumbles to dust.
Your +0 scale mail glows green for a moment.
You die...

.. #.# #
#.##.#.#
#....#.#
#..#...###
#.S#.#...#
#....#...#
##+##og...#
#.§§{s#...#
#.§§@§#...#
+.§§§§###<#
#.§§§§#.......#
#######.#.#####
#.#.# # #.# ..#
###


You could see a scorpion (summoned), a gnoll (summoned) and an orc.

Vanquished Creatures
  3 worms (D:2)
  2 orcs (D:3)
  6 endoplasms
  2 giant cockroaches
  4 hobgoblins
  2 kobolds
  5 quokkas
  4 ball pythons
  7 bats
  4 frilled lizards
  7 rats
46 creatures vanquished.

Vanquished Creatures (others)
  3 withered plants (D:1)
3 creatures vanquished.

Grand Total: 49 creatures vanquished

Notes
Turn   | Place    | Note
-------+----------+-------------------------------------------
     0 | D:1      | erik8world the Hill Orc Fighter began the quest for the
                  | Orb.
     0 | D:1      | Reached XP level 1. HP: 19/19 MP: 1/1
   380 | D:1      | Reached XP level 2. HP: 27/27 MP: 2/2
   453 | D:1      | Reached skill level 4 in Fighting
   629 | D:1      | Found a faded altar of an unknown god.
   807 | D:1      | Reached XP level 3. HP: 30/33 MP: 3/3
  2029 | D:3      | Noticed a scorpion
  2035 | D:3      | Reached XP level 4. HP: 40/40 MP: 4/4
  2043 | D:3      | HP: 2/40 [scorpion[an orc wizard] (6)]
  2045 | D:3      | Succumbed to a scorpion's poison

Illustrated notes

Levels and vault maps discovered:
D:1:      arrival_zaba_pyramid, layout_rooms,
          shapermc_ecumenical_altar_flowoftime
D:2:      layout_loops_corners, kennysheep_generic_room_15
D:3:      minmay_wonky_spiral, layout_basic, serial_shops, shop_statue

Skill      XL: |  1  2 |
---------------+-------+-----
Fighting       | 4 |  4.1
Axes           | 3 |  3.9
Throwing       | |  0.2
Armour         | |  3.7
Shields        | |  3.9

Action                   |  1- 3 |  4- 6 || total
-------------------------+-------+-------++-------
Melee: War axe           |   104 |     7 ||   111
Throw: Boomerang         |    30 |       ||    30
  Use: Scroll            |       |     3 ||     3
Armor: Scale mail        |    61 |    11 ||    72
Dodge: Dodged            |    31 |     4 ||    35
Block: Kite shield       |    60 |     6 ||    66
